 Dungeon Crawl Stone Soup version 0.29.0-4-gdea44cf6ec (webtiles) character file.

Game seed: 8525632748348269678

13983 qw the Brawler (level 11, 0/105 HPs)
             Began as a Troll Cinder Acolyte on Sept 2, 2022.
             Was an Initiate of Ignis.
             Slain by a death yak (2 damage)
             ... on level 1 of the Lair of Beasts.
             The game lasted 00:06:09 (11119 turns).

qw the Brawler (Troll Cinder Acolyte)              Turns: 11119, Time: 00:06:10

Health: 0/105      AC: 12    Str: 27    XL:     11   Next: 82%
Magic:  11/11      EV:  9    Int: 14    God:    Ignis [......]
Gold:   456        SH:  8    Dex: 10    Spells: 12/12 levels left

rFire   + . .      SeeInvis .     - Unarmed
rCold   . . .      Faith    .   a - +0 kite shield
rNeg    . . .      Spirit   .   p - +1 robe {Will+}
rPois   .          Reflect  .   (helmet restricted)
rElec   .          Harm     .   (no cloak)
rCorr   .          Rampage  .   (gloves unavailable)
Will    +....                   (boots unavailable)
Stlth   +.........              f - amulet of the acrobat
HPRegen 1.07/turn               j - +6 ring of dexterity
MPRegen 0.12/turn               (no ring)

@: about to teleport, fiery-armoured
A: large, unfitting armour, claws 3, regeneration 1, shaggy fur 1, tough skin 1,
clever 1
a: Renounce Religion, Rising Flame


You were on level 1 of the Lair of Beasts.
You worshipped Ignis.
Ignis was noncommittal.
You visited 2 branches of the dungeon, and saw 11 of its levels.
You also visited: Ossuary.

You collected 456 gold pieces.


Innate Abilities, Weirdness & Mutations

You are too large for most types of armour.
You have claws for hands.
Your natural rate of healing is unusually fast.
You are covered in fur. (AC +1)
You have tough skin. (AC +1)
Your mind is acute. (Int +4, Str/Dex -1)


   Skills:
 - Level 6.0 Fighting
 - Level 4.2 Throwing
 - Level 3.7 Dodging
 + Level 4.7 Shields
 - Level 15.9 Unarmed Combat
 - Level 1.0 Spellcasting
 - Level 2.1 Fire Magic


You had 12 spell levels left.
You didn't know any spells.
Your spell library contained the following spells:

 Spells                   Type           Power      Damage    Failure   Level
 Scorch                   Fire           12%        2d5       36%         2

Inventory:

Missiles
 i - 3 boomerangs (quivered)
Armour
 a - a +0 kite shield (worn)
 p - a +1 robe of willpower (worn)
Jewellery
 f - an amulet of the acrobat (around neck)
 j - a +6 ring of dexterity (left claw)
 m - a ring of positive energy
Scrolls
 c - 9 scrolls of identify
 d - 3 scrolls of enchant armour
 l - 3 scrolls of teleportation
 n - a scroll of enchant weapon
Potions
 b - 5 potions of heal wounds
 e - 11 potions of curing
 g - a potion of mutation
 h - a potion of cancellation
 k - 4 potions of haste

Dungeon Overview and Level Annotations

Branches:
Dungeon (10/15)            Temple (0/1) D:4            Lair (1/5) D:10
    Orc (0/2) D:10        Ossuary (visited)

Altars:
Ashenzari
Dithmenos
Gozag
Hepliaklqana
Kikubaaqudgha
Makhleb
Okawaru
Ru
Trog
Uskayaw
Xom
Zin
The Shining One

Shops:
D:2 [

Annotations:
D:6 1 runed translucent door, Crazy Yiuf
D:8 3 runed translucent doors


Message History

The death yak gores you!
You mangle the death yak!!
The death yak is heavily wounded.
You claw the death yak!
The death yak is heavily wounded.
The death yak gores you!
You barely miss the death yak.
The death yak is heavily wounded.
You mangle the death yak!!
The death yak is almost dead.
You block the death yak's attack.
The death yak gores you but does no damage.
The death yak gores you.
You scratch the death yak but do no damage.
The death yak is almost dead.
The death yak gores you!! x2
The death yak gores you but does no damage.
The death yak is burned by your cloak of flames.
The death yak is almost dead.
The death yak gores you but does no damage.
The death yak is burned by your cloak of flames.
The death yak is lightly wounded.
You mangle the death yak!!
You kill the death yak!
You block the death yak's attack. The death yak gores you!
The death yak barely misses you.
Your Shields skill increases to level 4!
You claw the death yak!
The death yak is lightly wounded.
The death yak gores you!
The death yak is burned by your cloak of flames.
The death yak is lightly wounded.
You block the death yak's attack. The death yak gores you.
You block the death yak's attack.
11119 ||| READING 4 scrolls of teleportation.
As you read the scroll of teleportation, it crumbles to dust.
You feel strangely unstable. You block the death yak's attack.
The death yak gores you! The death yak gores you.
You die...

#### ######.........#
#..####..........^...#
##..................##
##...........#.#.....
#.........).........
#...................
##.......#..........
##YY...............
#@YY..............
##Y..............#
#..............##
#...............
...............
.......... ....
...........
.?..........
.............


You could see 5 death yaks.

Vanquished Creatures
  Erolcha (D:9)
  Erica (D:9)
  A death yak (Lair:1)
  A two-headed ogre (D:9)
  Pikel (D:5)
  Psyche (D:7)
  3 cane toads (Lair:1)
  An unseen horror (D:10)
  3 wyverns
  20 yaks
  A wraith (D:10)
  3 basilisks
  2 steam dragons (D:7)
  An acid dragon (D:9)
  3 water moccasins
  Duvessa (D:5)
  2 sky beasts (D:7)
  5 ice beasts
  2 orc warriors
  2 black bears
  2 ogres
  6 centaurs
  A phantom (D:4)
  A lemure (D:5)
  6 kobold brigands
  3 bullfrogs
  2 wyvern zombies (Ossuary)
  2 gnoll sergeants (D:10)
  3 water moccasin zombies (Ossuary)
  Dowan (D:5)
  14 killer bees
  5 howler monkeys
  7 bullfrog zombies (Ossuary)
  5 hounds
  6 orc priests
  5 centaur zombies (Ossuary)
  14 mummies (Ossuary)
  5 iguanas
  5 orc wizards
  2 killer bee zombies (Ossuary)
  5 howler monkey zombies (Ossuary)
  2 adders
  16 gnolls
  2 river rats (D:4)
  An ufetubus (D:5)
  A worm (D:4)
  5 dart slugs
  26 orcs
  6 endoplasms
  2 giant cockroaches
  6 goblins
  6 hobgoblins
  4 jackals (D:4)
  33 kobolds
  3 quokkas
  3 ball pythons
  A bat (D:1)
  4 frilled lizards
  A goblin zombie (D:6)
  9 rats
  A rat zombie (D:6)
287 creatures vanquished.

Vanquished Creatures (others)
  A withered plant (Ossuary)
1 creature vanquished.

Grand Total: 288 creatures vanquished

Notes
Turn   | Place    | Note
-------+----------+-------------------------------------------
     0 | D:1      | qw the Troll Cinder Acolyte began the quest for the Orb.
     0 | D:1      | Reached XP level 1. HP: 22/22 MP: 1/1
     0 | D:1      | 0 ||| qw: Version: 0.1-a-100-g36b9a1f
     0 | D:1      | 0 ||| qw: Game counter: 5025
     0 | D:1      | 0 ||| qw: Always use a shield: true
     0 | D:1      | 0 ||| qw: God list: Okawaru
     0 | D:1      | 0 ||| qw: Allow faded altars: false
     0 | D:1      | 0 ||| qw: Do Orc after D:15 true
     0 | D:1      | 0 ||| qw: Do second Lair branch before Depths: true
     0 | D:1      | 0 ||| qw: Lair rune preference: random
     0 | D:1      | 0 ||| qw: Plans: Normal
     0 | D:1      | 0 ||| PLANNING D:1-11
    70 | D:1      | 70 ||| Stepping ~*~*~tactically~*~*~ (stealth).
    71 | D:1      | 71 ||| Stepping ~*~*~tactically~*~*~ (stealth).
    74 | D:1      | Reached XP level 2. HP: 29/29 MP: 2/2
    79 | D:1      | 79 ||| Stepping ~*~*~tactically~*~*~ (stealth).
    80 | D:1      | 80 ||| Stepping ~*~*~tactically~*~*~ (stealth).
    81 | D:1      | 81 ||| Stepping ~*~*~tactically~*~*~ (stealth).
   212 | D:1      | Reached skill level 4 in Unarmed Combat
   394 | D:1      | Reached XP level 3. HP: 32/36 MP: 3/3
   518 | D:1      | Found a faded altar of an unknown god.
   525 | D:1      | 525 ||| READING 2 scrolls labelled ZOITUU ARIELUPT.
   526 | D:1      | 526 ||| READING scroll labelled NETWIO WIFI.
   527 | D:1      | 527 ||| READING scroll labelled UHOAFE WUWE.
   528 | D:1      | 528 ||| READING scroll labelled VUUCLOTHUU.
   759 | D:2      | 759 ||| INVOKING Fiery Armour.
   761 | D:2      | 761 ||| Stepping ~*~*~tactically~*~*~ (outnumbered).
   773 | D:2      | Reached skill level 5 in Unarmed Combat
   773 | D:2      | Reached XP level 4. HP: 42/44 MP: 4/4
   983 | D:2      | 983 ||| INVOKING Fiery Armour.
  1094 | D:2      | Found Nuiw's Armour Boutique.
  1640 | D:2      | 1640 ||| READING scroll labelled ELUDDI TOPNAT.
  1643 | D:2      | 1643 ||| DRINKING 2 golden potions.
  1644 | D:2      | 1644 ||| DRINKING 2 emerald potions.
  1745 | D:2      | 1745 ||| DROPPING potion of ambrosia.
  1814 | D:3      | Found a glowing golden altar of the Shining One.
  1895 | D:3      | Reached XP level 5. HP: 49/50 MP: 5/5
  1939 | D:3      | 1939 ||| Stepping ~*~*~tactically~*~*~ (stealth).
  1998 | D:3      | Found a broken altar of Ashenzari.
  2084 | D:3      | 2084 ||| Stepping ~*~*~tactically~*~*~ (stealth).
  2173 | D:3      | 2173 ||| Stepping ~*~*~tactically~*~*~ (stealth).
  2273 | D:3      | 2273 ||| Stepping ~*~*~tactically~*~*~ (hiding).
  2274 | D:3      | 2274 ||| Stepping ~*~*~tactically~*~*~ (hiding).
  2276 | D:3      | 2276 ||| Stepping ~*~*~tactically~*~*~ (hiding).
  2624 | D:3      | 2624 ||| UPGRADING to +6 ring of dexterity.
  2625 | D:3      | 2625 ||| READING 2 scrolls labelled ETIJUR ENKAZI.
  2626 | D:3      | 2626 ||| READING scroll labelled HUGRIA NIYNIT.
  2627 | D:3      | 2627 ||| READING scroll labelled UDYICO ZENI.
  2628 | D:3      | 2628 ||| READING scroll labelled MAZYAG NECAGE.
  2629 | D:3      | 2629 ||| DRINKING 2 murky coppery potions.
  2734 | D:3      | 2734 ||| DRINKING 2 yellow potions.
  2734 | D:3      | Gained mutation: Your mind is acute. (Int +4, Str/Dex -1)
                  | [potion of mutation]
  2734 | D:3      | Gained mutation: You are frail. (-10% HP) [potion of
                  | mutation]
  2734 | D:3      | Lost mutation: You are frail. (-10% HP) [potion of
                  | mutation]
  2739 | D:3      | 2739 ||| DROPPING potion of berserk rage.
  2740 | D:3      | 2740 ||| DROPPING scroll of blinking.
  2754 | D:4      | 2754 ||| PLANNING SEWER
  2778 | D:4      | Found a staircase to the Ecumenical Temple.
  2785 | D:4      | 2785 ||| Stepping ~*~*~tactically~*~*~ (stealth).
  2787 | D:4      | 2787 ||| Stepping ~*~*~tactically~*~*~ (stealth).
  2789 | D:4      | 2789 ||| Stepping ~*~*~tactically~*~*~ (stealth).
  2791 | D:4      | 2791 ||| Stepping ~*~*~tactically~*~*~ (stealth).
  2793 | D:4      | 2793 ||| Stepping ~*~*~tactically~*~*~ (stealth).
  2795 | D:4      | 2795 ||| Stepping ~*~*~tactically~*~*~ (stealth).
  2845 | D:4      | Found a shadowy altar of Dithmenos.
  2989 | D:4      | Noticed a phantom
  3000 | D:4      | Killed a phantom
  3037 | D:4      | Reached skill level 6 in Unarmed Combat
  3044 | D:4      | Reached XP level 6. HP: 52/59 MP: 6/6
  3055 | D:4      | 3055 ||| Stepping ~*~*~tactically~*~*~ (stealth).
  3057 | D:4      | 3057 ||| Stepping ~*~*~tactically~*~*~ (stealth).
  3059 | D:4      | 3059 ||| Stepping ~*~*~tactically~*~*~ (outnumbered).
  3060 | D:4      | 3060 ||| Stepping ~*~*~tactically~*~*~ (outnumbered).
  3061 | D:4      | 3061 ||| Stepping ~*~*~tactically~*~*~ (outnumbered).
  3062 | D:4      | 3062 ||| Stepping ~*~*~tactically~*~*~ (outnumbered).
  3063 | D:4      | 3063 ||| Stepping ~*~*~tactically~*~*~ (outnumbered).
  3064 | D:4      | 3064 ||| Stepping ~*~*~tactically~*~*~ (outnumbered).
  3066 | D:4      | 3066 ||| Stepping ~*~*~tactically~*~*~ (outnumbered).
  3067 | D:4      | 3067 ||| Stepping ~*~*~tactically~*~*~ (outnumbered).
  3068 | D:4      | 3068 ||| Stepping ~*~*~tactically~*~*~ (stealth).
  3070 | D:4      | 3070 ||| FLEEEEING.
  3073 | D:4      | 3073 ||| FLEEEEING.
  3074 | D:4      | 3074 ||| FLEEEEING.
  3075 | D:4      | 3075 ||| FLEEEEING.
  3076 | D:4      | 3076 ||| FLEEEEING.
  3077 | D:4      | 3077 ||| FLEEEEING.
  3078 | D:4      | 3078 ||| FLEEEEING.
  3079 | D:4      | 3079 ||| FLEEEEING.
  3080 | D:4      | 3080 ||| FLEEEEING.
  3081 | D:4      | 3081 ||| FLEEEEING.
  3082 | D:4      | 3082 ||| FLEEEEING.
  3083 | D:4      | 3083 ||| FLEEEEING.
  3084 | D:4      | 3084 ||| FLEEEEING.
  3085 | D:4      | 3085 ||| FLEEEEING.
  3086 | D:4      | 3086 ||| FLEEEEING.
  3087 | D:4      | 3087 ||| FLEEEEING.
  3088 | D:4      | 3088 ||| FLEEEEING.
  3089 | D:4      | 3089 ||| FLEEEEING.
  3090 | D:4      | 3090 ||| FLEEEEING.
  3091 | D:4      | 3091 ||| FLEEEEING.
  3204 | D:4      | Reached skill level 7 in Unarmed Combat
  3365 | D:4      | 3365 ||| RIP SEWER
  3366 | D:4      | 3366 ||| PLANNING D:1-11
  3375 | D:4      | 3375 ||| Stepping ~*~*~tactically~*~*~ (stealth).
  3377 | D:4      | 3377 ||| Stepping ~*~*~tactically~*~*~ (stealth).
  3378 | D:4      | 3378 ||| Stepping ~*~*~tactically~*~*~ (stealth).
  3386 | D:4      | 3386 ||| Stepping ~*~*~tactically~*~*~ (stealth).
  3545 | D:4      | Found a glowing silver altar of Zin.
  3546 | D:4      | Found an opulent altar of Gozag.
  3584 | D:4      | 3584 ||| DRINKING 2 fizzy cyan potions.
  3585 | D:4      | 3585 ||| READING 3 scrolls of identify.
  3585 | D:4      | 3585 ||| IDENTIFYING white potion
  3586 | D:4      | 3586 ||| READING 2 scrolls of identify.
  3586 | D:4      | 3586 ||| IDENTIFYING metallic silvery potion
  3587 | D:4      | 3587 ||| DROPPING potion of brilliance.
  3588 | D:4      | 3588 ||| DROPPING potion of lignification.
  3601 | D:5      | Entered Level 5 of the Dungeon
  3617 | D:5      | Reached skill level 1 in Throwing
  3731 | D:5      | Reached XP level 7. HP: 63/66 MP: 7/7
  3767 | D:5      | Noticed Pikel
  3770 | D:5      | 3770 ||| Stepping ~*~*~tactically~*~*~ (stealth).
  3774 | D:5      | 3774 ||| Stepping ~*~*~tactically~*~*~ (stealth).
  3775 | D:5      | 3775 ||| Stepping ~*~*~tactically~*~*~ (stealth).
  3779 | D:5      | 3779 ||| Stepping ~*~*~tactically~*~*~ (stealth).
  3781 | D:5      | Killed Pikel
  3782 | D:5      | Reached skill level 9 in Unarmed Combat
  3782 | D:5      | Reached XP level 8. HP: 45/74 MP: 8/8
  3803 | D:5      | 3803 ||| Stepping ~*~*~tactically~*~*~ (stealth).
  3805 | D:5      | 3805 ||| Stepping ~*~*~tactically~*~*~ (stealth).
  3838 | D:5      | 3838 ||| Stepping ~*~*~tactically~*~*~ (hiding).
  3865 | D:5      | Noticed Dowan
  3866 | D:5      | 3866 ||| Stepping ~*~*~tactically~*~*~ (stealth).
  3868 | D:5      | Noticed Duvessa
  3869 | D:5      | 3869 ||| Stepping ~*~*~tactically~*~*~ (stealth).
  3870 | D:5      | 3870 ||| Stepping ~*~*~tactically~*~*~ (hiding).
  3871 | D:5      | 3871 ||| Stepping ~*~*~tactically~*~*~ (hiding).
  3872 | D:5      | 3872 ||| Stepping ~*~*~tactically~*~*~ (stealth).
  3873 | D:5      | 3873 ||| Stepping ~*~*~tactically~*~*~ (hiding).
  3875 | D:5      | 3875 ||| INVOKING Fiery Armour.
  3879 | D:5      | Killed Duvessa
  3880 | D:5      | Reached skill level 3 in Fighting
  3881 | D:5      | 3881 ||| Stepping ~*~*~tactically~*~*~ (hiding).
  3890 | D:5      | Killed Dowan
  4388 | D:5      | Reached skill level 10 in Unarmed Combat
  4609 | D:5      | 4609 ||| READING scroll labelled VYUHUI NEFADGHU.
  4610 | D:5      | 4610 ||| READING 3 scrolls of identify.
  4610 | D:5      | 4610 ||| IDENTIFYING sapphire potion
  4611 | D:5      | 4611 ||| READING 2 scrolls of identify.
  4611 | D:5      | 4611 ||| IDENTIFYING silvery potion
  4685 | D:6      | 4685 ||| PLANNING OSSUARY
  4701 | D:6      | 4701 ||| Stepping ~*~*~tactically~*~*~ (outnumbered).
  4702 | D:6      | 4702 ||| Stepping ~*~*~tactically~*~*~ (outnumbered).
  4704 | D:6      | 4704 ||| Stepping ~*~*~tactically~*~*~ (outnumbered).
  4821 | D:6      | 4821 ||| DRINKING 5 potions of curing.
  4821 | D:6      | 4821 ||| (to cure confusion)
  4827 | D:6      | 4827 ||| Stepping ~*~*~tactically~*~*~ (outnumbered).
  4828 | D:6      | 4828 ||| Stepping ~*~*~tactically~*~*~ (outnumbered).
  4835 | D:6      | 4835 ||| Stepping ~*~*~tactically~*~*~ (outnumbered).
  4839 | D:6      | 4839 ||| Stepping ~*~*~tactically~*~*~ (outnumbered).
  4845 | D:6      | 4845 ||| Stepping ~*~*~tactically~*~*~ (outnumbered).
  4847 | D:6      | Reached XP level 9. HP: 56/84 MP: 9/9
  4926 | D:6      | 4926 ||| Stepping ~*~*~tactically~*~*~ (stealth).
  4934 | D:6      | 4934 ||| Stepping ~*~*~tactically~*~*~ (outnumbered).
  4935 | D:6      | 4935 ||| Stepping ~*~*~tactically~*~*~ (outnumbered).
  4937 | D:6      | 4937 ||| Stepping ~*~*~tactically~*~*~ (outnumbered).
  4938 | D:6      | 4938 ||| Stepping ~*~*~tactically~*~*~ (outnumbered).
  4943 | D:6      | 4943 ||| INVOKING Fiery Armour.
  4945 | D:6      | Reached skill level 11 in Unarmed Combat
  5045 | D:6      | 5045 ||| Stepping ~*~*~tactically~*~*~ (stealth).
  5046 | D:6      | 5046 ||| Stepping ~*~*~tactically~*~*~ (stealth).
  5048 | D:6      | 5048 ||| Stepping ~*~*~tactically~*~*~ (stealth).
  5059 | D:6      | 5059 ||| Stepping ~*~*~tactically~*~*~ (stealth).
  5066 | D:6      | Reached skill level 3 in Throwing
  5098 | D:6      | 5098 ||| Stepping ~*~*~tactically~*~*~ (stealth).
  5216 | D:6      | Found a sand-covered staircase.
  5217 | D:6      | 5217 ||| READING 3 scrolls of identify.
  5217 | D:6      | 5217 ||| IDENTIFYING murky black potion
  5218 | D:6      | 5218 ||| READING 2 scrolls of identify.
  5218 | D:6      | 5218 ||| IDENTIFYING lumpy yellow potion
  5219 | D:6      | 5219 ||| DROPPING potion of attraction.
  5220 | D:6      | 5220 ||| DROPPING potion of degeneration.
  5227 | D:6      | 5227 ||| Stepping ~*~*~tactically~*~*~ (stealth).
  5237 | Ossuary  | Entered an ossuary
  5238 | Ossuary  | 5238 ||| Stepping ~*~*~tactically~*~*~ (hiding).
  5264 | Ossuary  | 5264 ||| Stepping ~*~*~tactically~*~*~ (hiding).
  5282 | Ossuary  | 5282 ||| Stepping ~*~*~tactically~*~*~ (outnumbered).
  5309 | Ossuary  | 5309 ||| Stepping ~*~*~tactically~*~*~ (stealth).
  5311 | Ossuary  | 5311 ||| Stepping ~*~*~tactically~*~*~ (stealth).
  5313 | Ossuary  | 5313 ||| Stepping ~*~*~tactically~*~*~ (stealth).
  5314 | Ossuary  | 5314 ||| Stepping ~*~*~tactically~*~*~ (stealth).
  5374 | Ossuary  | 5374 ||| Stepping ~*~*~tactically~*~*~ (stealth).
  5380 | Ossuary  | Reached skill level 12 in Unarmed Combat
  5432 | Ossuary  | 5432 ||| Stepping ~*~*~tactically~*~*~ (stealth).
  5503 | Ossuary  | 5503 ||| Stepping ~*~*~tactically~*~*~ (stealth).
  5504 | Ossuary  | 5504 ||| Stepping ~*~*~tactically~*~*~ (stealth).
  5555 | Ossuary  | 5555 ||| Stepping ~*~*~tactically~*~*~ (stealth).
  5641 | Ossuary  | 5641 ||| UPGRADING to amulet of the acrobat.
  5646 | Ossuary  | 5646 ||| DROPPING ring of flight.
  5647 | Ossuary  | 5647 ||| READING scroll labelled UDDOTO LENERCH.
  5648 | Ossuary  | 5648 ||| READING scroll labelled UROOFF ZILOBA.
  5649 | Ossuary  | 5649 ||| READING 2 scrolls of identify.
  5649 | Ossuary  | 5649 ||| IDENTIFYING fuming amethyst potion
  5650 | Ossuary  | 5650 ||| DROPPING potion of invisibility.
  5660 | D:6      | 5660 ||| PLANNING D:1-11
  5893 | D:6      | Found a runed translucent door.
  5894 | D:6      | Noticed Crazy Yiuf
  6324 | D:6      | 6324 ||| READING 4 scrolls of teleportation.
  6421 | D:7      | 6421 ||| Stepping ~*~*~tactically~*~*~ (hiding).
  6523 | D:7      | 6523 ||| Stepping ~*~*~tactically~*~*~ (hiding).
  6525 | D:7      | 6525 ||| Stepping ~*~*~tactically~*~*~ (hiding).
  6694 | D:7      | 6694 ||| Stepping ~*~*~tactically~*~*~ (hiding).
  6700 | D:7      | 6700 ||| Stepping ~*~*~tactically~*~*~ (outnumbered).
  6701 | D:7      | 6701 ||| Stepping ~*~*~tactically~*~*~ (outnumbered).
  6758 | D:7      | 6758 ||| Stepping ~*~*~tactically~*~*~ (hiding).
  6761 | D:7      | 6761 ||| Stepping ~*~*~tactically~*~*~ (stealth).
  6762 | D:7      | 6762 ||| Stepping ~*~*~tactically~*~*~ (hiding).
  6766 | D:7      | 6766 ||| INVOKING Fiery Armour.
  6769 | D:7      | Reached XP level 10. HP: 75/96 MP: 10/10
  6769 | D:7      | 6769 ||| Stepping ~*~*~tactically~*~*~ (hiding).
  6775 | D:7      | 6775 ||| Stepping ~*~*~tactically~*~*~ (hiding).
  6791 | D:7      | Found a sacrificial altar of Ru.
  6874 | D:7      | Reached skill level 13 in Unarmed Combat
  6973 | D:7      | Identified the +6 chain mail of Neryig {rPois rC+ Str-5
                  | Stlth+}
  7024 | D:7      | Found a burning altar of Makhleb.
  7285 | D:8      | Noticed Psyche
  7286 | D:8      | 7286 ||| Stepping ~*~*~tactically~*~*~ (hiding).
  7347 | D:8      | 7347 ||| Stepping ~*~*~tactically~*~*~ (stealth).
  7348 | D:8      | 7348 ||| Stepping ~*~*~tactically~*~*~ (hiding).
  7354 | D:8      | 7354 ||| STAIRDANCE
  7376 | D:8      | 7376 ||| STAIRDANCE
  7396 | D:8      | 7396 ||| STAIRDANCE
  7399 | D:7      | Killed Psyche
  7413 | D:8      | 7413 ||| STAIRDANCE
  7419 | D:8      | 7419 ||| STAIRDANCE
  7436 | D:8      | 7436 ||| STAIRDANCE
  7449 | D:8      | 7449 ||| Stepping ~*~*~tactically~*~*~ (outnumbered).
  7450 | D:8      | 7450 ||| Stepping ~*~*~tactically~*~*~ (outnumbered).
  7451 | D:8      | 7451 ||| Stepping ~*~*~tactically~*~*~ (outnumbered).
  7452 | D:8      | 7452 ||| Stepping ~*~*~tactically~*~*~ (hiding).
  7461 | D:8      | 7461 ||| Stepping ~*~*~tactically~*~*~ (outnumbered).
  7463 | D:8      | 7463 ||| Stepping ~*~*~tactically~*~*~ (outnumbered).
  7466 | D:8      | 7466 ||| Stepping ~*~*~tactically~*~*~ (outnumbered).
  7467 | D:8      | 7467 ||| INVOKING Fiery Armour.
  7468 | D:8      | 7468 ||| Stepping ~*~*~tactically~*~*~ (outnumbered).
  7469 | D:8      | 7469 ||| Stepping ~*~*~tactically~*~*~ (outnumbered).
  7470 | D:8      | 7470 ||| Stepping ~*~*~tactically~*~*~ (outnumbered).
  7471 | D:8      | 7471 ||| Stepping ~*~*~tactically~*~*~ (outnumbered).
  7473 | D:8      | 7473 ||| Stepping ~*~*~tactically~*~*~ (stealth).
  7474 | D:8      | 7474 ||| Stepping ~*~*~tactically~*~*~ (stealth).
  7476 | D:8      | 7476 ||| STAIRDANCE
  7525 | D:8      | Reached skill level 14 in Unarmed Combat
  7525 | D:8      | 7525 ||| STAIRDANCE
  7662 | D:8      | 7662 ||| Stepping ~*~*~tactically~*~*~ (hiding).
  7663 | D:8      | 7663 ||| Stepping ~*~*~tactically~*~*~ (hiding).
  7664 | D:8      | 7664 ||| Stepping ~*~*~tactically~*~*~ (hiding).
  7681 | D:8      | 7681 ||| INVOKING Fiery Armour.
  7794 | D:8      | Found a runed translucent gate.
  7794 | D:8      | Found a runed translucent gate.
  7794 | D:8      | Found a runed translucent gate.
  7794 | D:8      | Noticed a green ugly thing
  7794 | D:8      | Noticed a green ugly thing
  7795 | D:8      | Noticed a glowing orange brain
  7795 | D:8      | Noticed a green ugly thing
  7919 | D:8      | Found a hide-covered altar of Uskayaw.
  7966 | D:8      | 7966 ||| Stepping ~*~*~tactically~*~*~ (hiding).
  7967 | D:8      | 7967 ||| Stepping ~*~*~tactically~*~*~ (hiding).
  8022 | D:8      | 8022 ||| Stepping ~*~*~tactically~*~*~ (hiding).
  8171 | D:8      | 8171 ||| READING 5 scrolls of teleportation.
  8216 | D:9      | 8216 ||| STAIRDANCE
  8269 | D:9      | 8269 ||| STAIRDANCE
  8334 | D:9      | 8334 ||| STAIRDANCE
  8392 | D:9      | Reached skill level 6 in Fighting
  8406 | D:9      | Found a bloodstained altar of Trog.
  8418 | D:9      | Noticed Erolcha
  8439 | D:9      | Killed Erolcha
  8440 | D:9      | Reached skill level 3 in Dodging
  8505 | D:9      | Noticed a two-headed ogre
  8506 | D:9      | 8506 ||| Stepping ~*~*~tactically~*~*~ (stealth).
  8507 | D:9      | 8507 ||| Stepping ~*~*~tactically~*~*~ (stealth).
  8516 | D:9      | 8516 ||| Stepping ~*~*~tactically~*~*~ (stealth).
  8518 | D:9      | 8518 ||| Stepping ~*~*~tactically~*~*~ (stealth).
  8520 | D:9      | 8520 ||| INVOKING Fiery Armour.
  8521 | D:9      | 8521 ||| Stepping ~*~*~tactically~*~*~ (outnumbered).
  8542 | D:9      | Killed a two-headed ogre
  8546 | D:9      | 8546 ||| Stepping ~*~*~tactically~*~*~ (outnumbered).
  8680 | D:9      | Found an ancient bone altar of Kikubaaqudgha.
  8687 | D:9      | 8687 ||| Stepping ~*~*~tactically~*~*~ (stealth).
  8691 | D:9      | 8691 ||| Stepping ~*~*~tactically~*~*~ (stealth).
  8698 | D:9      | 8698 ||| Stepping ~*~*~tactically~*~*~ (stealth).
  8708 | D:9      | Reached XP level 11. HP: 96/105 MP: 11/11
  8717 | D:9      | Found a shimmering altar of Xom.
  8736 | D:9      | 8736 ||| Stepping ~*~*~tactically~*~*~ (stealth).
  8737 | D:9      | 8737 ||| Stepping ~*~*~tactically~*~*~ (stealth).
  8764 | D:9      | 8764 ||| Stepping ~*~*~tactically~*~*~ (hiding).
  8905 | D:9      | 8905 ||| Stepping ~*~*~tactically~*~*~ (stealth).
  8920 | D:9      | 8920 ||| FLEEEEING.
  8921 | D:9      | 8921 ||| FLEEEEING.
  8922 | D:9      | 8922 ||| FLEEEEING.
  8923 | D:9      | 8923 ||| FLEEEEING.
  8925 | D:9      | 8925 ||| FLEEEEING.
  8926 | D:9      | 8926 ||| FLEEEEING.
  8928 | D:9      | 8928 ||| FLEEEEING.
  8929 | D:9      | 8929 ||| FLEEEEING.
  8930 | D:9      | 8930 ||| FLEEEEING.
  8931 | D:9      | 8931 ||| FLEEEEING.
  8932 | D:9      | 8932 ||| FLEEEEING.
  8933 | D:9      | 8933 ||| FLEEEEING.
  8934 | D:9      | 8934 ||| FLEEEEING.
  8935 | D:9      | 8935 ||| FLEEEEING.
  8936 | D:9      | 8936 ||| FLEEEEING.
  8937 | D:9      | 8937 ||| FLEEEEING.
  8938 | D:9      | 8938 ||| FLEEEEING.
  8939 | D:9      | 8939 ||| FLEEEEING.
  8940 | D:9      | 8940 ||| FLEEEEING.
  8941 | D:9      | 8941 ||| FLEEEEING.
  8942 | D:9      | 8942 ||| FLEEEEING.
  8945 | D:9      | 8945 ||| Stepping ~*~*~tactically~*~*~ (outnumbered).
  8946 | D:9      | 8946 ||| Stepping ~*~*~tactically~*~*~ (outnumbered).
  8947 | D:9      | 8947 ||| Stepping ~*~*~tactically~*~*~ (outnumbered).
  8948 | D:9      | 8948 ||| Stepping ~*~*~tactically~*~*~ (outnumbered).
  8949 | D:9      | 8949 ||| Stepping ~*~*~tactically~*~*~ (outnumbered).
  8950 | D:9      | 8950 ||| Stepping ~*~*~tactically~*~*~ (outnumbered).
  8951 | D:9      | 8951 ||| Stepping ~*~*~tactically~*~*~ (outnumbered).
  8952 | D:9      | 8952 ||| Stepping ~*~*~tactically~*~*~ (stealth).
  8954 | D:9      | 8954 ||| Stepping ~*~*~tactically~*~*~ (stealth).
  8955 | D:9      | 8955 ||| Stepping ~*~*~tactically~*~*~ (outnumbered).
  8964 | D:9      | 8964 ||| Stepping ~*~*~tactically~*~*~ (stealth).
  8965 | D:9      | 8965 ||| Stepping ~*~*~tactically~*~*~ (stealth).
  8966 | D:9      | 8966 ||| Stepping ~*~*~tactically~*~*~ (stealth).
  8973 | D:9      | 8973 ||| Stepping ~*~*~tactically~*~*~ (outnumbered).
  8976 | D:9      | 8976 ||| Stepping ~*~*~tactically~*~*~ (outnumbered).
  8977 | D:9      | 8977 ||| INVOKING Fiery Armour.
  8978 | D:9      | 8978 ||| Stepping ~*~*~tactically~*~*~ (outnumbered).
  8986 | D:9      | Reached skill level 15 in Unarmed Combat
  9290 | D:9      | 9290 ||| Stepping ~*~*~tactically~*~*~ (hiding).
  9346 | D:9      | Noticed Erica
  9347 | D:9      | 9347 ||| DRINKING 11 potions of curing.
  9347 | D:9      | 9347 ||| (to cure confusion)
  9363 | D:9      | Killed Erica
  9573 | D:9      | 9573 ||| UPGRADING to +1 robe of willpower.
  9583 | D:9      | 9583 ||| DROPPING +0 robe.
  9584 | D:9      | 9584 ||| READING scroll labelled KAHUXOYRYO.
  9597 | D:9      | 9597 ||| Stepping ~*~*~tactically~*~*~ (hiding).
  9598 | D:9      | 9598 ||| Stepping ~*~*~tactically~*~*~ (hiding).
  9599 | D:9      | 9599 ||| Stepping ~*~*~tactically~*~*~ (hiding).
  9627 | D:10     | Entered Level 10 of the Dungeon
  9632 | D:10     | 9632 ||| Stepping ~*~*~tactically~*~*~ (stealth).
  9634 | D:10     | 9634 ||| Stepping ~*~*~tactically~*~*~ (stealth).
  9638 | D:10     | 9638 ||| Stepping ~*~*~tactically~*~*~ (outnumbered).
  9639 | D:10     | 9639 ||| Stepping ~*~*~tactically~*~*~ (outnumbered).
  9640 | D:10     | 9640 ||| Stepping ~*~*~tactically~*~*~ (outnumbered).
  9642 | D:10     | 9642 ||| Stepping ~*~*~tactically~*~*~ (outnumbered).
  9644 | D:10     | 9644 ||| Stepping ~*~*~tactically~*~*~ (outnumbered).
  9645 | D:10     | 9645 ||| Stepping ~*~*~tactically~*~*~ (outnumbered).
  9648 | D:10     | 9648 ||| Stepping ~*~*~tactically~*~*~ (outnumbered).
  9650 | D:10     | 9650 ||| Stepping ~*~*~tactically~*~*~ (outnumbered).
  9651 | D:10     | 9651 ||| Stepping ~*~*~tactically~*~*~ (outnumbered).
  9654 | D:10     | 9654 ||| Stepping ~*~*~tactically~*~*~ (outnumbered).
  9655 | D:10     | 9655 ||| Stepping ~*~*~tactically~*~*~ (outnumbered).
  9656 | D:10     | 9656 ||| Stepping ~*~*~tactically~*~*~ (outnumbered).
  9660 | D:10     | 9660 ||| FLEEEEING.
  9661 | D:10     | 9661 ||| STAIRDANCE
  9702 | D:10     | Found a staircase to the Orcish Mines.
  9735 | D:10     | 9735 ||| Stepping ~*~*~tactically~*~*~ (hiding).
  9839 | D:10     | 9839 ||| Stepping ~*~*~tactically~*~*~ (hiding).
  9850 | D:10     | 9850 ||| Stepping ~*~*~tactically~*~*~ (hiding).
  9862 | D:10     | 9862 ||| INVOKING Fiery Armour.
  9923 | D:10     | Found a staircase to the Lair.
  9947 | D:10     | 9947 ||| Stepping ~*~*~tactically~*~*~ (outnumbered).
  9948 | D:10     | 9948 ||| Stepping ~*~*~tactically~*~*~ (outnumbered).
  9951 | D:10     | 9951 ||| Stepping ~*~*~tactically~*~*~ (outnumbered).
  9952 | D:10     | 9952 ||| Stepping ~*~*~tactically~*~*~ (outnumbered).
  9953 | D:10     | 9953 ||| Stepping ~*~*~tactically~*~*~ (outnumbered).
  9959 | D:10     | 9959 ||| INVOKING Fiery Armour.
  9969 | D:10     | 9969 ||| Stepping ~*~*~tactically~*~*~ (outnumbered).
  9970 | D:10     | 9970 ||| Stepping ~*~*~tactically~*~*~ (outnumbered).
  9973 | D:10     | 9973 ||| Stepping ~*~*~tactically~*~*~ (outnumbered).
  9975 | D:10     | 9975 ||| FLEEEEING.
  9976 | D:10     | 9976 ||| FLEEEEING.
  9977 | D:10     | 9977 ||| FLEEEEING.
  9978 | D:10     | 9978 ||| FLEEEEING.
  9979 | D:10     | 9979 ||| FLEEEEING.
  9980 | D:10     | 9980 ||| FLEEEEING.
  9981 | D:10     | 9981 ||| FLEEEEING.
  9982 | D:10     | 9982 ||| FLEEEEING.
  9983 | D:10     | 9983 ||| FLEEEEING.
  9984 | D:10     | 9984 ||| FLEEEEING.
  9987 | D:10     | 9987 ||| FLEEEEING.
  9988 | D:10     | 9988 ||| FLEEEEING.
  9989 | D:10     | 9989 ||| FLEEEEING.
  9990 | D:10     | 9990 ||| STAIRDANCE
 10029 | D:9      | 10029 ||| Stepping ~*~*~tactically~*~*~ (stealth).
 10053 | D:9      | 10053 ||| READING scroll labelled KULAEMNUSURU.
 10054 | D:9      | 10054 ||| READING scroll labelled HUAMIY NIRUAF.
 10057 | D:10     | 10057 ||| STAIRDANCE
 10062 | D:9      | 10062 ||| Stepping ~*~*~tactically~*~*~ (stealth).
 10081 | D:9      | 10081 ||| DRINKING 2 smoky inky potions.
 10082 | D:9      | 10082 ||| DROPPING potion of magic.
 10089 | D:10     | 10089 ||| STAIRDANCE
 10095 | D:10     | 10095 ||| STAIRDANCE
 10221 | D:10     | Found an iron altar of Okawaru.
 10221 | D:10     | Found a hazy altar of Hepliaklqana.
 10224 | D:10     | 10224 ||| UPGRADING to +0 kite shield.
 10247 | D:10     | 10247 ||| Stepping ~*~*~tactically~*~*~ (hiding).
 10567 | D:10     | Reached skill level 1 in Shields
 10614 | D:10     | 10614 ||| PLANNING LAIR
 10651 | Lair:1   | Entered Level 1 of the Lair of Beasts
 10682 | Lair:1   | Found an opulent altar of Gozag.
 10722 | Lair:1   | Reached skill level 3 in Shields
 10726 | Lair:1   | 10726 ||| INVOKING Fiery Armour.
 11005 | Lair:1   | Identified the +8 dagger of Charity {vamp, rC+ Dex+4}
 11098 | Lair:1   | Noticed a death yak
 11098 | Lair:1   | Noticed a death yak
 11099 | Lair:1   | 11099 ||| INVOKING Fiery Armour.
 11100 | Lair:1   | Noticed a death yak
 11100 | Lair:1   | Noticed a death yak
 11101 | Lair:1   | Noticed a death yak
 11101 | Lair:1   | Noticed a death yak
 11106 | Lair:1   | 11106 ||| Stepping ~*~*~tactically~*~*~ (outnumbered).
 11107 | Lair:1   | 11107 ||| Stepping ~*~*~tactically~*~*~ (outnumbered).
 11117 | Lair:1   | Killed a death yak
 11118 | Lair:1   | HP: 20/105 [death yak (14)]
 11119 | Lair:1   | 11119 ||| READING 4 scrolls of teleportation.
 11119 | Lair:1   | HP: 2/105 [death yak (16)]
 11119 | Lair:1   | Slain by a death yak

Levels and vault maps discovered:
D:1:      minmay_arrival_solitary_statue, layout_rooms,
          dilly_ecumenical_altar_fadedgnrine
D:2:      layout_basic, serial_shops, nicolae_shop_advertising_works
          [nicolae_subvault_shop_adworks], skrybe_limestone_x
D:3:      layout_basic, nicolae_ashenzari_panopticon, lemuel_tele_altar
D:4:      layout_basic, grunt_temple_overflow_gold_and_silver,
          marbit_many_paths, temple_doors_e, portal_sewer_entry_b,
          minmay_bisected
D:5:      layout_basic, minmay_misc_feat_secret_circle, uniq_pikel, uniq_duvessa
D:6:      minmay_angry_zag, layout_basic, enter_ossuary_4,
          uniq_crazy_yiuf_cottage
D:7:      layout_loops_ring, hangedman_feature_mirror
D:8:      layout_cave_pools, nicolae_uskayaw_murder_on_the_dancefloor,
          ploomutoo_gammafunk_ghost_potion_laboratory, minmay_strange_pillars,
          uniq_psyche
D:9:      layout_loops_cross, mainiacjoe_overflow_large_starburst, bloody_trog,
          roderic_lattice_a, uniq_erolcha, uniq_erica
D:10:     layout_cave_pools, jmf_multi_god_temple, david_lair_generic,
          kennysheep_path_1
Lair:1:   layout_hall_layers, basic_altar, lemuel_fruit_tree

Skill      XL: |  1  2  3  4  5  6  7  8  9 10 11 |
---------------+----------------------------------+-----
Unarmed Combat | 4 5 6 7 9 10 12 14 15 | 15.9
Dodging        | 2 3 |  3.7
Throwing       | 1 2 3 4 |  4.2
Fighting       | 4 5 6 |  6.0
Shields        | 4 |  4.7
Spellcasting   | |  1.0
Fire Magic     | |  2.1

Action                   |  1- 3 |  4- 6 |  7- 9 | 10-12 || total
-------------------------+-------+-------+-------+-------++-------
Melee: Unarmed           |    74 |   119 |   255 |   323 ||   771
       Punch             |     1 |     5 |    20 |    21 ||    47
Throw: Javelin           |       |     9 |    56 |    11 ||    76
       Boomerang         |       |       |       |    35 ||    35
Invok: Fiery Armour      |     1 |     1 |     3 |     8 ||    13
  Use: Scroll            |     4 |     7 |     9 |     5 ||    25
       Potion            |       |     5 |     1 |     2 ||     8
 Stab: Distracted        |       |       |     1 |       ||     1
Armor: Robe              |    21 |    31 |    55 |    82 ||   189
Dodge: Dodged            |    34 |    43 |    92 |   161 ||   330
Block: Kite shield       |       |       |       |    13 ||    13

Table legend:
 A = Non-vault XP
 B = Vault XP
 C = Vault XP percentage of total XP
 D = Non-vault monster count
 E = Vault monster count
 F = Vault count percentage of total count
                 A         B        C        D         E       F
            +---------+---------+-------+---------+---------+-------
      Total |   14115 |    5861 |  29.3 |     219 |      67 |  23.4
            +---------+---------+-------+---------+---------+-------
        D:1 |      47 |       0 |   0.0 |      27 |       0 |   0.0
        D:2 |     148 |       0 |   0.0 |      20 |       0 |   0.0
        D:3 |      34 |       0 |   0.0 |      11 |       0 |   0.0
        D:4 |     160 |     288 |  64.3 |       9 |      11 |  55.0
        D:5 |     691 |     865 |  55.6 |      14 |       3 |  17.6
        D:6 |    1119 |     144 |  11.4 |      25 |       4 |  13.8
        D:7 |    1448 |     483 |  25.0 |      27 |       3 |  10.0
        D:8 |    1599 |       0 |   0.0 |      19 |       0 |   0.0
        D:9 |    3783 |    1709 |  31.1 |      40 |       2 |   4.8
       D:10 |    2599 |     946 |  26.7 |      20 |       6 |  23.1
     Lair:1 |    2487 |       0 |   0.0 |       7 |       0 |   0.0
    Ossuary |       0 |    1426 | 100.0 |       0 |      38 | 100.0
            +---------+---------+-------+---------+---------+-------
